 Dungeon Crawl Stone Soup version 0.24-a0-504-gcfb02b9d07 (console) character file.

Game seed: 1506949198618640952

11503 nht the Spear-Bearer (level 11, -1/133 HPs)
             Began as a Merfolk Berserker on July 16, 2019.
             Was an Elder of Trog.
             Slain by a spectral fire crab (7 damage)
             ... in a Gauntlet.
             The game lasted 00:24:57 (9024 turns).

nht the Spear-Bearer (Merfolk Berserker)            Turns: 9024, Time: 00:24:57

Health: -1/133     AC:  7    Str: 22    XL:     11   Next: 78%
Magic:  11/11      EV: 23    Int:  6    God:    Trog [****..]
Gold:   461        SH:  0    Dex: 18    Spells: 10/10 levels left

rFire    . . .     SeeInvis .   w - +0 trident
rCold    + . .     Gourm    .   (no shield)
rNeg     . . .     Faith    .   b - +0 animal skin
rPois    .         Spirit   .   l - +2 helmet
rElec    .         Reflect  .   (no cloak)
rCorr    .         Harm     .   (no gloves)
MR       .....     NoTele   +   q - +1 pair of boots
Stlth    ..........             (no amulet)
HPRegen  0.32/turn              x - ring of protection from cold
MPRegen  0.12/turn              m - +3 ring of evasion

@: berserking, hasted and slowed
A: change form in water, swift swim, stealthy swim
a: Berserk, Trog's Hand, Brothers in Arms, Renounce Religion


You were in a Gauntlet.
You worshipped Trog.
Trog was greatly pleased with you.
You were near starving.

You visited 2 branches of the dungeon, and saw 11 of its levels.
You also visited: Gauntlet.

You collected 461 gold pieces.

Inventory:

Hand Weapons
 t - a +2 dagger of venom
 u - a +1 rapier of speed
 w - a +0 trident (weapon)
 z - a +1 rapier of venom
 F - a +1 scimitar of flaming
 I - a +2 falchion of slicing
Missiles
 j - 7 javelins
 n - 11 boomerangs (quivered)
 p - a throwing net
 v - 8 silver boomerangs
 A - 7 atropa-tipped darts
Armour
 b - a +0 animal skin (worn)
 l - a +2 helmet (worn)
 q - a +1 pair of boots (worn)
 J - the +3 plate armour "Siam" {rC+++ Int-3}
   (You found it on level 10 of the Dungeon)

   It affects your intelligence (-3).
   It renders you almost immune to cold.
Jewellery
 m - a +3 ring of evasion (right hand)
 x - a ring of protection from cold (left hand)
Scrolls
 a - a scroll of fog
 e - 3 scrolls of blinking
 i - 5 scrolls of teleportation
 o - 2 scrolls of fear
 s - 2 scrolls of remove curse
 y - a scroll of identify
 C - 3 scrolls of enchant armour
Potions
 d - 2 potions of ambrosia
 f - a potion of curing
 g - 2 potions of lignification
 h - 3 potions of flight
 k - 3 potions of haste
 r - 3 potions of heal wounds
 B - a potion of mutation
 D - a potion of brilliance
 K - 2 potions of berserk rage
Miscellaneous
 G - a fan of gales
 H - a lamp of fire (inert)
Comestibles
 c - 22 rations


   Skills:
 - Level 9.2 Fighting
 - Level 14.2 Polearms
 + Level 9.6 Throwing
 - Level 1.3 Armour
 - Level 10.1 Dodging
 + Level 6.5 Stealth


You had 10 spell levels left.
You didn't know any spells.
Your spell library was empty.

Dungeon Overview and Level Annotations

Branches:
Dungeon (10/15)            Temple (0/1) D:5            Lair (1/6) D:9
    Orc (0/2) D:9

Altars:
Ashenzari
Cheibriados
Dithmenos
Elyvilon
Kikubaaqudgha
Qazlal
Ru
Sif Muna
Trog
Vehumet
Wu Jian
Xom

Annotations:
D:8 dig Gauntlet 11 transporters, 2 runed translucent doors, exclusion: obsidian statue


Message History

Attack whom?
Press: ? - help, Dir - move target cursor, f/p - spectral dream sheep
Aim: a spectral dream sheep (moderately damaged)
You hit the spectral dream sheep.
The spectral dream sheep is moderately damaged.
The spectral dream sheep bites you but does no damage.
Attack whom?
Press: ? - help, Dir - move target cursor, f/p - spectral dream sheep
Aim: a spectral dream sheep (moderately damaged)
You puncture the spectral dream sheep!
The spectral dream sheep is heavily damaged.
The spectral fire crab misses you. x2
Attack whom?
Press: ? - help, Dir - move target cursor, f/p - spectral dream sheep
Aim: a spectral dream sheep (heavily damaged)
You puncture the spectral dream sheep!
The spectral dream sheep is severely damaged.
The spectral dream sheep completely misses you.
The spectral fire crab bites you!
You die... █████████████

████████████████≈█§█≈█≈█§█≈█
██≈█≈█≈█≈█§█≈█≈█..§......§§§§
█≈.§§.................8...§§.
██.8.....8.....8.............
█≈...............███████████.
██...█████████...█x.█.x...!█.
█≈...█..s██Z@█...█Xx.█.X...█.
██...███..Z█Z█████X..█....██.
█≈...█..█^.█Z█...█x..©█.██[█.
██.8©█..█©█.©█©8©█X..███..©█.
█≈...█.█.^█:!█...█x██.█....█.
██...█.█...████████....█...█.
█≈...█..██...█...█.....█...█.
██...█████████...█......█.)█.
█≈...............███████████.


You could see 3 large abominations, a spectral black mamba, a spectral
four-headed hydra, a spectral fire crab, a spectral dream sheep and 4 small
abominations.

Vanquished Creatures
  Snorg (D:10)
  Erica (D:9)
  A two-headed ogre (D:10)
  A death scarab (Gauntlet)
  A komodo dragon (Lair:1)
  Prince Ribbit (D:7)
  A hornet (D:10)
  A hippogriff (D:10)
  10 yaks
  A basilisk (D:9)
  A human (D:7)
  2 hogs (D:7)
  3 hungry ghosts
  Grum (D:10)
  A soldier ant (D:8)
  4 orc warriors (D:9)
  A water moccasin (D:9)
  2 porcupines
  A black bear (D:10)
  2 ice beasts
  3 phantoms
  6 ogres
  3 wolves (D:10)
  2 crocodiles
  4 bullfrogs
  A wyvern zombie (D:8)
  2 scorpions
  5 killer bees (D:10)
  A centaur zombie (D:6)
  A quasit (D:6)
  2 bullfrog zombies
  3 hounds
  3 crimson imps
  A jelly (D:6)
  5 orc priests
  A bullfrog skeleton (D:8)
  5 orc wizards
  3 iguanas
  8 worker ants
  2 hound zombies
  A worker ant zombie (D:5)
  Robin (D:2)
  9 adders
  2 shadow imps
  2 adder zombies
  2 adder skeletons
  3 worms
  A dart slug (D:1)
  6 leopard geckos
  38 orcs
  7 bats
  7 giant cockroaches
  13 goblins
  11 hobgoblins
  7 jackals
  5 quokkas
  A ball python skeleton (D:5)
  4 frilled lizards
  A jackal zombie (D:6)
  11 kobolds
  A quokka skeleton (D:8)
  5 rats
236 creatures vanquished.

Vanquished Creatures (collateral kills)
  Erolcha (D:10)
  A death scarab (Gauntlet)
  3 yaks (D:9)
  2 porcupines (D:9)
  A black bear (D:10)
  A crocodile (D:9)
  An iguana (D:9)
10 creatures vanquished.

Vanquished Creatures (others)
  An orc (D:10)
  2 fungi
  7 plants
10 creatures vanquished.

Grand Total: 256 creatures vanquished

Notes
Turn   | Place    | Note
-------+----------+-------------------------------------------
     0 | D:1      | nht the Merfolk Berserker began the quest for the Orb.
     0 | D:1      | Reached XP level 1. HP: 18/18 MP: 1/1
    43 | D:1      | Reached skill level 5 in Polearms
    45 | D:1      | Reached XP level 2. HP: 20/24 MP: 2/2
   282 | D:1      | Reached skill level 6 in Polearms
   282 | D:1      | Reached XP level 3. HP: 26/29 MP: 3/3
   284 | D:1      | Reached ** piety under Trog
   624 | D:2      | Found a faded altar of an unknown god.
   914 | D:2      | Noticed Robin
   930 | D:2      | Reached XP level 4. HP: 35/35 MP: 4/4
   931 | D:2      | Reached skill level 7 in Polearms
   934 | D:2      | Killed Robin
  1284 | D:3      | Reached *** piety under Trog
  1296 | D:3      | Reached skill level 8 in Polearms
  1296 | D:3      | Reached XP level 5. HP: 41/41 MP: 5/5
  1659 | D:3      | Found an ancient bone altar of Kikubaaqudgha.
  1666 | D:3      | Found a deep blue altar of Sif Muna.
  1668 | D:3      | Found a radiant altar of Vehumet.
  1781 | D:4      | Reached skill level 9 in Polearms
  1811 | D:4      | Reached XP level 6. HP: 44/47 MP: 6/6
  1823 | D:4      | Found a shimmering altar of Xom.
  1823 | D:4      | Found an ornate altar of the Wu Jian Council.
  1841 | D:4      | Found a snail-covered altar of Cheibriados.
  2226 | D:4      | Reached skill level 10 in Polearms
  2425 | D:5      | Entered Level 5 of the Dungeon
  2579 | D:5      | Reached **** piety under Trog
  2581 | D:5      | Reached skill level 1 in Throwing
  2581 | D:5      | Reached XP level 7. HP: 42/53 MP: 7/7
  2693 | D:5      | Found a shadowy altar of Dithmenos.
  3088 | D:5      | Found a staircase to the Ecumenical Temple.
  3342 | D:6      | Noticed a yak
  3345 | D:6      | Noticed a yak
  3371 | D:6      | Killed a yak
  3379 | D:6      | Killed a yak
  3379 | D:6      | Reached skill level 5 in Dodging
  3379 | D:6      | Reached XP level 8. HP: 61/61 MP: 8/8
  3441 | D:6      | Reached skill level 11 in Polearms
  3600 | D:6      | Noticed a yak
  3603 | D:6      | Noticed a yak
  3619 | D:6      | Killed a yak
  3619 | D:6      | Reached skill level 5 in Fighting
  3851 | D:6      | Noticed a yak
  3851 | D:6      | Noticed a yak
  3852 | D:6      | Killed a yak
  3919 | D:5      | Killed a yak
  4076 | D:6      | Killed a yak
  4129 | D:6      | Reached XP level 9. HP: 54/69 MP: 9/9
  4862 | D:6      | Reached skill level 12 in Polearms
  5462 | D:7      | Reached skill level 5 in Throwing
  5585 | D:7      | Reached ***** piety under Trog
  5675 | D:7      | Found a stormy altar of Qazlal.
  5773 | D:7      | Noticed Prince Ribbit
  5778 | D:7      | Killed Prince Ribbit
  5778 | D:7      | Reached XP level 10. HP: 79/79 MP: 10/10
  6053 | D:8      | Noticed a manticore
  6087 | D:8      | Found a sacrificial altar of Ru.
  6111 | D:8      | Found a white marble altar of Elyvilon.
  6174 | D:8      | Reached skill level 13 in Polearms
  6247 | D:8      | Found a shattered altar of Ashenzari.
  6595 | D:9      | Noticed Erica
  6601 | D:9      | Killed Erica
  6650 | D:9      | Found a bloodstained altar of Trog.
  6664 | D:9      | Found a staircase to the Orcish Mines.
  6908 | D:9      | Received a gift from Trog
  6912 | D:9      | Found a staircase to the Lair.
  7013 | D:9      | Reached skill level 10 in Dodging
  7442 | D:10     | Entered Level 10 of the Dungeon
  7482 | D:10     | Reached skill level 14 in Polearms
  7524 | D:10     | Noticed a two-headed ogre
  7534 | D:10     | Killed a two-headed ogre
  7534 | D:10     | Reached XP level 11. HP: 89/89 MP: 11/11
  7595 | D:10     | Reached skill level 1 in Stealth
  7841 | D:10     | Noticed Grum
  7849 | D:10     | Killed Grum
  8030 | D:10     | Noticed Erolcha
  8090 | D:10     | Killed Erolcha
  8126 | D:10     | Noticed Snorg
  8257 | D:10     | Killed Snorg
  8257 | D:10     | Reached skill level 5 in Stealth
  8655 | D:10     | Got a fine plate armour
  8656 | D:10     | Identified the +3 plate armour "Siam" {rC+++ Int-3} (You
                  | found it on level 10 of the Dungeon)
  8744 | Lair:1   | Entered Level 1 of the Lair of Beasts
  8824 | Lair:1   | Found a gate leading to a gauntlet.
  8848 | Gauntlet | Entered a Gauntlet
  8848 | Gauntlet | Found a transporter.
  8851 | Gauntlet | Found a transporter.
  8852 | Gauntlet | Found a transporter.
  8852 | Gauntlet | Noticed an obsidian statue
  8853 | Gauntlet | Found a transporter.
  8856 | Gauntlet | Found a transporter.
  8861 | Gauntlet | Found a runed translucent door.
  8864 | Gauntlet | Found a transporter.
  8865 | Gauntlet | Found a transporter.
  8865 | Gauntlet | Noticed a blizzard demon
  8870 | Gauntlet | Found a transporter.
  8894 | Gauntlet | Noticed an entropy weaver
  8896 | Gauntlet | Noticed a wolf spider
  8930 | Gauntlet | Noticed a death scarab
  8931 | Gauntlet | Noticed a death scarab
  8933 | Gauntlet | Found a transporter.
  8936 | Gauntlet | Found a transporter.
  8938 | Gauntlet | Found a transporter.
  8943 | Gauntlet | Noticed a dire elephant
  8945 | Gauntlet | Found a runed translucent door.
  8949 | Gauntlet | Found the +7 great mace "Firestarter" {inner flame, rF++}
  8949 | Gauntlet | Found a transporter.
  9004 | Gauntlet | Killed a death scarab
  9019 | Gauntlet | Killed a death scarab
  9021 | Gauntlet | HP: 6/133 [spectral fire crab (2)]
  9024 | Gauntlet | Slain by a spectral fire crab

Levels and vault maps discovered:
D:1:      minmay_arrival_radiant_lines, layout_loops_ring, st_stairs_5
D:2:      layout_basic, chequers_ecumenical_altar_simple_redux,
          serial_park_tiny_2, uniq_robin
D:3:      layout_rooms, grunt_temple_overflow_magic_moments, first_ration,
          minmay_crystal_water
D:4:      layout_basic, gammafunk_temple_overflow_forgotten
D:5:      layout_basic, marbit_many_paths, temple_doors_e, wad_rectangle_vault
D:6:      layout_layer_cave
D:7:      layout_loops_ring, nicolae_overflow_crystal_walls, grunt_livestock,
          uniq_prince_ribbit1
D:8:      layout_cave_pools, old_standard_altar, lemuel_round_altar,
          old_standard_altar, onia_ninara_dug_in_and_dangerous
D:9:      layout_gridville, bloody_trog, minmay_lair_entry_grove, david_orc_2,
          uniq_erica
D:10:     layout_long_grid, uniq_erolcha, uniq_snorg, uniq_grum
Lair:1:   layout_chaotic_city, gauntlet_entry_generic
Gauntlet: minmay_gauntlet_mixed_oops_all_seconds
          [minmay_gauntlet_arena_77_terracotta_army,
          nicolae_gauntlet_arena_flowing_pool,
          minmay_gauntlet_arena_77_squiggly,
          gammafunk_gauntlet_arena_arrow_garden,
          minmay_gauntlet_arena_77_cramped, nicolae_gauntlet_swirl,
          gauntlet_exit_watery]

Skill      XL: |  1  2  3  4  5  6  7  8  9 10 11 |
---------------+----------------------------------+-----
Polearms       | 5 6 8 9 10 11 12 14 | 14.2
Dodging        | 3 5 6 8 10 | 10.1
Throwing       | 1 2 4 5 7 9 |  9.6
Fighting       | 4 5 7 9 |  9.2
Stealth        | 6 |  6.5
Armour         | |  1.3

Action                   |  1- 3 |  4- 6 |  7- 9 | 10-12 || total
-------------------------+-------+-------+-------+-------++-------
Melee: Spear             |   143 |   192 |   315 |       ||   650
       Trident           |       |       |    78 |   428 ||   506
Throw: Javelin           |       |     3 |       |       ||     3
       Boomerang         |       |       |       |    16 ||    16
Invok: Berserk           |     2 |     6 |     6 |     4 ||    18
       Brothers in Arms  |       |       |       |     5 ||     5
Evoke: Wand              |       |       |     2 |    38 ||    40
       Lamp of fire      |       |       |       |     1 ||     1
  Use: Scroll            |     4 |     7 |     4 |     6 ||    21
       Potion            |       |       |       |     1 ||     1
 Stab: Sleeping          |     1 |     4 |     9 |     3 ||    17
       Distracted        |       |       |     1 |       ||     1
       Paralysed         |       |       |       |    10 ||    10
  Eat: Chunk             |     1 |    10 |    13 |    16 ||    40
       Ration            |       |       |     2 |       ||     2
Armor: Animal skin       |    17 |    15 |    23 |    32 ||    87
Dodge: Dodged            |    72 |    71 |   187 |   273 ||   603

Table legend:
 A = Non-vault XP
 B = Vault XP
 C = Vault XP percentage of total XP
 D = Non-vault monster count
 E = Vault monster count
 F = Vault count percentage of total count
                 A         B        C        D         E       F
            +---------+---------+-------+---------+---------+-------
      Total |    8446 |    7988 |  48.6 |     194 |      53 |  21.5
            +---------+---------+-------+---------+---------+-------
        D:1 |      38 |       7 |  15.6 |      23 |       4 |  14.8
        D:2 |      22 |      34 |  60.7 |      12 |      11 |  47.8
        D:3 |     151 |       0 |   0.0 |      26 |       0 |   0.0
        D:4 |     197 |       0 |   0.0 |      17 |       0 |   0.0
        D:5 |     560 |      61 |   9.8 |      16 |       3 |  15.8
        D:6 |    1781 |       0 |   0.0 |      31 |       0 |   0.0
        D:7 |     579 |    1255 |  68.4 |       8 |       6 |  42.9
        D:8 |     786 |       0 |   0.0 |      20 |       0 |   0.0
        D:9 |     689 |    2740 |  79.9 |       8 |      21 |  72.4
       D:10 |    3038 |    2560 |  45.7 |      30 |       6 |  16.7
     Lair:1 |     605 |       0 |   0.0 |       3 |       0 |   0.0
   Gauntlet |       0 |    1331 | 100.0 |       0 |       2 | 100.0
            +---------+---------+-------+---------+---------+-------
